 Dungeon Crawl Stone Soup version 0.19-a0-1792-g28b16ba (webtiles) character file.

14318 Alarkh the Carver (level 11, -7/76 HPs)
             Began as a Mummy Necromancer on Oct 4, 2016.
             Was an Elder of Okawaru.
             Mangled by a minotaur
             ... wielding a +2 rod of ignition (10/10)
              (9 damage)
             ... in a labyrinth.
             The game lasted 00:37:33 (19165 turns).

Alarkh the Carver (Mummy Necromancer)              Turns: 19165, Time: 00:37:34

Health: -7/76      AC:  8    Str: 11    XL:     11   Next: 87%
Magic:  13/18      EV: 17    Int: 17    God:    Okawaru [****..]
Gold:   603        SH:  7    Dex: 14    Spells: 4 memorised, 8 levels left

rFire  x . .     SeeInvis +     N - +0 scimitar
rCold  + . .     Gourm    .     q - +2 troll leather armour
rNeg   + + +     Faith    .     l - +0 buckler
rPois  ∞         Spirit   .     n - +0 helmet
rElec  .         Dismiss  .     (no cloak)
rCorr  .         Reflect  .     (no gloves)
MR     +....     Harm     .     (no boots)
Stlth  ++++......               (no amulet)
                                K - ring of stealth
                                w - ring of see invisible

@: heroism, finesse
A: no food or potions, fire vulnerability, cold resistance 1, negative energy
resistance 3, torment resistance, unbreathing
a: Heroism, Renounce Religion


You were in a labyrinth.
You worshipped Okawaru.
Okawaru was greatly pleased with you.
You were not hungry.

You visited 3 branches of the dungeon, and saw 13 of its levels.
You also visited: Labyrinth.

You collected 715 gold pieces.
You spent 112 gold pieces at shops.

Inventory:

Hand Weapons
 a - a +0 long sword
 i - a +0 falchion
 o - a +0 morningstar
 r - the +3 dagger "Orb Guardian's Peril" {drain, rN+ Int+2 Dex-5}
   (You found it on level 5 of the Dungeon)

   A truly terrible weapon, it drains the life of those it strikes.
   It affects your intelligence (+2).
   It affects your dexterity (-5).
   It protects you from negative energy.
 s - a +0 quarterstaff
 z - a +2 hand axe of flaming
 N - a +0 scimitar (weapon)
Missiles
 H - 6 throwing nets (quivered)
Armour
 c - a +0 robe
 l - a +0 buckler (worn)
 n - a +0 helmet (worn)
 q - a +2 troll leather armour (worn)
 v - a +0 leather armour of cold resistance
 y - a +1 robe
Jewellery
 w - a ring of see invisible (left hand)
 D - a +4 ring of intelligence
 K - a ring of stealth (right hand)
Wands
 u - a wand of lightning (0/15)
 B - a wand of polymorph (5/24)
 C - a wand of disintegration (14/24)
 F - a wand of slowing (15/48)
 I - a wand of paralysis (6/24)
 L - a wand of teleportation (5/9)
 M - a wand of confusion (28/48)
 O - a wand of acid (10/15)
Scrolls
 e - 2 scrolls of identify
 f - a scroll of recharging
 g - a scroll of blinking
 h - 3 scrolls of magic mapping
 j - a scroll of fear
 k - 3 scrolls of noise
 m - 2 scrolls of enchant weapon
 t - 2 scrolls of immolation
 x - a scroll of remove curse
 E - a scroll of fog
 J - a scroll of acquirement
Books
 b - a book of Necromancy

   Spells                             Type                      Level
   a - Pain                           Necromancy                   1
   b - Animate Skeleton               Necromancy                   1
   c - Vampiric Draining              Necromancy                   3
   d - Regeneration                   Charms/Necromancy            3
   e - Animate Dead                   Necromancy                   4
   f - Control Undead                 Necromancy                   4
 p - a book of Cantrips

   Spells                             Type                      Level
   a - Confusing Touch                Hexes                        1
   b - Animate Skeleton               Necromancy                   1
   c - Summon Small Mammal            Summoning                    1
   d - Apportation                    Translocation                1
 A - a Young Poisoner's Handbook

   Spells                             Type                      Level
   a - Sting                          Conjuration/Poison           1
   b - Mephitic Cloud                 Conjuration/Poison/Air       3
   c - Olgreb's Toxic Radiance        Poison                       4
   d - Alistair's Intoxication        Transmutation/Poison         5
   e - Venom Bolt                     Conjuration/Poison           5
Miscellaneous
 G - a phial of floods (inert)


   Skills:
 + Level 3.9(8.9) Fighting
 * Level 11.7(16.7) Long Blades
 + Level 2.8(7.8) Armour
 + Level 3.5(8.5) Dodging
 - Level 1.5(6.5) Stealth
 + Level 5.9(10.9) Shields
 - Level 5.2 Spellcasting
 - Level 7.0 Necromancy
 + Level 3.6 Invocations


You had 8 spell levels left.
You knew the following spells:

 Your Spells              Type           Power        Failure   Level  Hunger
a - Vampiric Draining     Necr           ####......   3%          3    N/A
b - Pain                  Necr           ####         1%          1    N/A
c - Control Undead        Necr           ####......   12%         4    N/A
d - Animate Dead          Necr           N/A          12%         4    N/A

Dungeon Overview and Level Annotations

Branches:
Dungeon (11/15)            Temple (1/1) D:7            Lair (1/6) D:11
    Orc (0/2) D:11

Altars:
Ashenzari
Cheibriados
Dithmenos
Elyvilon
Fedhas
Gozag
Hepliaklqana
Kikubaaqudgha
Makhleb
Nemelex Xobeh
Okawaru
Qazlal
Ru
Sif Muna
Trog
Uskayaw
Vehumet
Xom
Yredelemnul
Zin
The Shining One

Shops:
D:9 ?

Annotations:
Lair:1 Sonja


Innate Abilities, Weirdness & Mutations

You do not eat or drink.
Your flesh is vulnerable to fire.
You are immune to poison.
Your flesh is cold resistant. (rC+)
You are immune to negative energy. (rN+++)
You are immune to unholy pain and torment.
You can survive without breathing.


Message History

You hit the minotaur but do no damage.
The minotaur is heavily wounded.
The minotaur hits you with a rod of ignition.
The minotaur gores you.
You slash the minotaur!
The minotaur is heavily wounded.
The minotaur barely misses you. x2
You hit the minotaur but do no damage.
The minotaur is heavily wounded.
You slash the minotaur!
The minotaur is severely wounded.
The minotaur barely misses you.
You riposte.
You closely miss the minotaur.
The minotaur is severely wounded.
The minotaur completely misses you.
You slash the minotaur!
The minotaur is almost dead.
The minotaur hits you with a rod of ignition!!
* * * LOW HITPOINT WARNING * * *
The minotaur gores you!
You die...

#.#########
#...H.....#
### #@# #.
#.# . #
#.#.# .
#.###.# #.
# # #...#
.. .#.#.#
#.# # . .
.### # #.
#...
#....... .#
# .. .## .#
## ## ### .
. .


You could see a minotaur.

Vanquished Creatures
  An unseen horror (D:11)
  4 hill giants (D:10)
  A gargoyle (D:11)
  A spiny frog (Lair:1)
  4 trolls
  A hornet (D:11)
  2 hippogriffs
  A wyvern (D:11)
  The ghost of poirepourri the Sneak, an amateur VSEn (D:4)
  2 basilisks (D:11)
  12 yaks
  Eustachio (D:6)
  Grum (D:8)
  Menkaure (D:7)
  A hungry ghost (D:6)
  Duvessa (D:6)
  A soldier ant (D:11)
  4 porcupines
  2 water moccasins (D:10)
  3 ogres
  5 orc warriors
  A phantom (D:9)
  3 necrophages
  A black bear (D:9)
  6 ice beasts
  3 centaurs (D:9)
  5 wolves
  A crocodile (D:11)
  A big kobold (D:8)
  3 gnoll sergeants
  4 bullfrogs
  Dowan (D:6)
  7 scorpions
  3 killer bees (D:9)
  An electric eel (D:10)
  7 crimson imps
  A centaur zombie (D:5)
  A quasit (D:9)
  4 bullfrog skeletons
  10 orc priests
  3 gnoll shamans (D:10)
  15 hounds
  17 orc wizards
  4 iguanas
  8 worker ants
  2 killer bee zombies (D:6)
  A hound skeleton (D:10)
  A howler monkey zombie (D:5)
  2 worker ant zombies
  35 gnolls
  13 adders
  9 river rats
  4 shadow imps
  An ooze (D:4)
  2 adder skeletons
  An adder zombie (D:6)
  4 worms
  4 leopard geckos
  47 orcs
  4 bats
  5 giant cockroaches
  6 goblins
  11 hobgoblins
  13 jackals
  A quokka (D:7)
  A ball python (D:6)
  7 frilled lizards
  18 kobolds
  4 rats
356 creatures vanquished.

Vanquished Creatures (collateral kills)
  Grinder (D:4)
  A bullfrog skeleton (D:10)
2 creatures vanquished.

Vanquished Creatures (others)
  A leopard gecko zombie (D:6)
  A fungus (D:11)
  2 plants (D:11)
4 creatures vanquished.

Grand Total: 362 creatures vanquished

Notes
Turn   | Place    | Note
-------+----------+-------------------------------------------
     0 | D:1      | Alarkh the Mummy Necromancer began the quest for the Orb.
     0 | D:1      | Reached XP level 1. HP: 13/13 MP: 3/3
   357 | D:1      | Reached XP level 2. HP: 19/19 MP: 3/5
  1158 | D:1      | Reached XP level 3. HP: 24/24 MP: 4/6
  2284 | D:3      | Reached skill level 5 in Necromancy
  2284 | D:3      | Reached XP level 4. HP: 30/30 MP: 0/8
  2474 | D:3      | Learned a level 3 spell: Vampiric Draining
  2783 | D:3      | Reached skill level 1 in Shields
  2987 | D:3      | Reached XP level 5. HP: 32/35 MP: 2/10
  3019 | D:3      | Noticed an ogre
  3113 | D:2      | Killed an ogre
  3581 | D:4      | Reached XP level 6. HP: 41/41 MP: 5/11
  4154 | D:3      | Noticed Grinder
  4469 | D:3      | Paralysed by Grinder for 2 turns
  4827 | D:4      | Noticed poirepourri's ghost (amateur VSEn)
  4969 | D:3      | Reached XP level 7. HP: 19/46 MP: 5/13
  5378 | D:5      | Entered Level 5 of the Dungeon
  5745 | D:5      | Got a jewelled dagger
  5746 | D:5      | Identified the +3 dagger "Orb Guardian's Peril" {drain, rN+ Int+2 Dex-5} (You found it on level 5 of the Dungeon)
  5844 | D:4      | Reached skill level 5 in Spellcasting
  5982 | D:5      | Found a snail-covered altar of Cheibriados.
  6150 | D:4      | Reached XP level 8. HP: 39/52 MP: 5/15
  6375 | D:6      | Reached skill level 1 in Long Blades
  6408 | D:6      | Found a shadowy altar of Dithmenos.
  6420 | D:6      | Noticed Eustachio
  6434 | D:6      | Killed Eustachio
  6586 | D:6      | Reached skill level 2 in Long Blades
  6700 | D:6      | Found a burning altar of Makhleb.
  6797 | D:6      | Noticed Dowan
  6833 | D:6      | Killed Dowan
  6912 | D:6      | Noticed Duvessa
  7052 | D:6      | Reached skill level 5 in Shields
  7171 | D:6      | Killed Duvessa
  7171 | D:6      | Reached skill level 3 in Long Blades
  7544 | D:7      | Reached skill level 4 in Long Blades
  7575 | D:7      | Noticed Menkaure
  8146 | D:6      | Learned a level 4 spell: Control Undead
  8149 | D:6      | Reached XP level 9. HP: 52/57 MP: 11/16
  8213 | D:7      | Reached skill level 5 in Long Blades
  8783 | D:7      | Killed Menkaure
  8783 | D:7      | Reached skill level 6 in Long Blades
  9145 | D:7      | Found a white marble altar of Elyvilon.
  9467 | D:7      | Found a staircase to the Ecumenical Temple.
  9476 | Temple   | Entered the Ecumenical Temple
  9551 | Temple   | Became a worshipper of Warmaster Okawaru
  9676 | D:7      | Learned a level 4 spell: Animate Dead
  9802 | D:7      | Found a glowing silver altar of Zin.
  9833 | D:7      | Reached skill level 7 in Long Blades
 10212 | D:4      | Killed Grinder
 10251 | D:4      | Killed poirepourri's ghost
 10251 | D:4      | Reached * piety under Okawaru
 10471 | D:4      | Found a sparkling altar of Nemelex Xobeh.
 10696 | D:8      | Reached skill level 8 in Long Blades
 10802 | D:8      | Found a shattered altar of Ashenzari.
 10931 | D:8      | Found a stormy altar of Qazlal.
 11010 | D:8      | Found a blossoming altar of Fedhas.
 11298 | D:8      | Noticed Grum
 11450 | D:8      | Killed Grum
 11450 | D:8      | Reached XP level 10. HP: 27/63 MP: 1/17
 11821 | D:9      | Reached skill level 9 in Long Blades
 11994 | D:9      | Reached ** piety under Okawaru
 12750 | D:9      | Reached skill level 10 in Long Blades
 12853 | D:9      | Found Qehyri Ycvo's Magic Scroll Boutique.
 13046 | D:10     | Entered Level 10 of the Dungeon
 13050 | D:10     | Noticed a hill giant
 13072 | D:11     | Noticed a hill giant
 13560 | D:10     | Reached *** piety under Okawaru
 13776 | D:10     | Killed a hill giant
 14010 | D:10     | Reached skill level 1 in Invocations
 14075 | D:9      | Bought a scroll of identify for 28 gold pieces
 14075 | D:9      | Bought a scroll of identify for 28 gold pieces
 14075 | D:9      | Bought a scroll of identify for 28 gold pieces
 14075 | D:9      | Bought a scroll of identify for 28 gold pieces
 14076 | D:9      | Identified a scroll of acquirement
 14132 | D:10     | Reached skill level 1 in Fighting
 14346 | D:9      | Reached **** piety under Okawaru
 14517 | D:10     | Noticed a hill giant
 14537 | D:10     | Killed a hill giant
 14537 | D:10     | Reached skill level 11 in Long Blades
 14537 | D:10     | Reached skill level 1 in Armour
 14537 | D:10     | Reached XP level 11. HP: 41/70 MP: 2/18
 16341 | D:10     | Noticed a hill giant
 16534 | D:10     | Killed a hill giant
 17320 | D:11     | Reached ***** piety under Okawaru
 17441 | D:10     | Killed a hill giant
 17441 | D:10     | Received a gift from Okawaru
 17725 | D:11     | Noticed an unseen horror
 17810 | D:11     | Killed an unseen horror
 17823 | D:11     | Found a staircase to the Lair.
 18177 | D:11     | Found a staircase to the Orcish Mines.
 18185 | D:11     | Noticed a hill giant
 18486 | Lair:1   | Entered Level 1 of the Lair of Beasts
 18601 | Lair:1   | Noticed Sonja
 18612 | Lair:1   | Found a labyrinth entrance.
 18657 | Lab      | Entered a labyrinth
 18975 | Lab      | Noticed a minotaur
 19165 | Lab      | HP: 2/76 [minotaur/rod of ignition (24)]
 19165 | Lab      | Identified a +2 rod of ignition (10/10)
 19165 | Lab      | Mangled by a minotaur

Vault maps used:
D:1:      dpeg_arrival_tiny_i, serial_forest, infiniplex_forest_pool,
          infiniplex_forest_end_1, infiniplex_forest_straight_3,
          infiniplex_forest_clump_diagonal, infiniplex_forest_corner_1,
          infiniplex_forest_straight_4, infiniplex_forest_lined_3, st_stairs_10,
          hex_medium
D:2:      minmay_misc_feat_enclosed, minmay_misc_feat_room
D:3:      first_bread, serial_corexii_hall, corexii_hall_statues_l,
          corexii_hall_statues_x, uniq_grinder
D:4:      nrook_loot_triangle, nemelex_dance_club_becter
D:5:      cheibriados_altar_1
D:6:      makhleb_grotto_becter, basic_altar, kennysheep_generic_room_16,
          uniq_eustachio, uniq_duvessa
D:7:      lemuel_round_altar, old_standard_altar, grunt_decor_mini_mirrors,
          uniq_menkaure
D:8:      nicolae_qazlal_eye_of_the_storm, cheibrodos_ashenzari_chains,
          lemuel_coloured_pillars_altar, uniq_grum
D:9:      serial_shops, shop
D:10:     serial_gnoll_camp, gnoll_camp_medium_02, gnoll_camp_mini_basic,
          gnoll_camp_mini_doghouse, gnoll_camp_huts_moat
D:11:     minmay_lair_entry_grove
Temple:   eino_temple_lava
Lair:1:   lab_entry_generic, infiniplex_staircase_pool, uniq_sonja
Lab:      labyrinth_mini_lab, nicolae_lab_arrow, labyrinth_skeletal_remains

Skill      XL: |  1  2  3  4  5  6  7  8  9 10 11 |
---------------+----------------------------------+-----
Spellcasting   | 3 4 5 |  5.2
Necromancy     | 5 6 7 |  7.0
Shields        | 1 2 3 5 |  5.9
Long Blades    | 4 8 11 | 11.7
Invocations    | 1 3 |  3.6
Fighting       | 1 3 |  3.9
Armour         | 1 2 |  2.8
Dodging        | 2 3 |  3.5
Stealth        | |  1.5

Action                   |  1- 3 |  4- 6 |  7- 9 | 10-12 || total
-------------------------+-------+-------+-------+-------++-------
Melee: Hand axe          |    31 |     5 |   263 |       ||   299
       Unarmed           |     2 |       |       |       ||     2
       Morningstar       |       |    13 |       |       ||    13
       Falchion          |       |       |   169 |       ||   169
       Long sword        |       |       |    20 |   307 ||   327
       Scimitar          |       |       |       |   239 ||   239
 Cast: Pain              |    77 |   136 |   277 |   258 ||   748
       Vampiric Draining |       |     2 |    30 |   137 ||   169
       Control Undead    |       |       |     5 |       ||     5
       Animate Dead      |       |       |     1 |       ||     1
Invok: Heroism           |       |       |       |    15 ||    15
       Finesse           |       |       |       |     2 ||     2
Evoke: Wand              |       |       |       |    10 ||    10
       Phial of floods   |       |       |       |     1 ||     1
  Use: Scroll            |     3 |     3 |     8 |    17 ||    31
 Stab: Confused          |       |       |     1 |       ||     1
       Sleeping          |       |       |       |     2 ||     2
Armor: Robe              |     7 |     6 |    99 |    69 ||   181
       Leather armour    |       |       |    32 |       ||    32
       Troll leather arm |       |       |       |    17 ||    17
Dodge: Dodged            |    30 |    47 |   323 |   403 ||   803
Block: Buckler           |       |    17 |   138 |   167 ||   322
       Rpst.: Falchion   |       |       |    21 |       ||    21
       Long sword        |       |       |     8 |    61 ||    69
       Scimitar          |       |       |       |    31 ||    31
